 Dungeon Crawl Stone Soup version 0.19-a0-1201-gda63bca (webtiles) character file.

75287 JustSomeDude the Blocker (level 15, -4/71 HPs)
             Began as a Vine Stalker Fighter on Aug 20, 2016.
             Was the Champion of the Shining One.
             Slain by a catoblepas (8 damage)
             ... on level 6 of the Lair of Beasts.
             The game lasted 01:24:48 (16614 turns).

JustSomeDude the Blocker (Vine Stalker Fighter)    Turns: 16614, Time: 01:24:49

Health: -4/71      AC: 20    Str: 32    XL:     15   Next: 49%
Magic:  0/27       EV:  2    Int:  8    God:    the Shining One [******]
Gold:   1075       SH:  0    Dex: 20    Spells: 1 memorised, 28 levels left

rFire  + + .     SeeInvis .     z - +4 trident of Absolution {elec, rElec Dex+4 Stlth+}
rCold  . . .     Gourm    +     d - +4 chain mail {rF+}
rNeg   + + +     Faith    .     c - +0 shield
rPois  ∞         Spirit   +     q - +0 hat {MR+}
rElec  +         Dismiss  .     u - +0 cloak
rCorr  .         Reflect  .     D - +1 pair of gloves
MR     ++++.     Harm     .     (no boots)
Stlth  ..........               I - amulet of the gourmand
                                N - +5 ring of protection
                                Z - ring of protection from magic

@: mighty, divine shield, petrified, glowing, studying Shields
A: fangs 3, hooves 1, horns 1, blurry vision 1, deformed body, fire resistance
1, frail 1, magic resistance 1, sense surroundings 1, regeneration 2, strong 2,
magic shield, antimagic bite, no device heal 3, rot immunity
a: Divine Shield, Cleansing Flame, Summon Divine Warrior, Brand Weapon With Holy
Wrath, Renounce Religion


You were on level 6 of the Lair of Beasts.
You worshipped the Shining One.
The Shining One was exalted by your worship.
You were very full.

You visited 2 branches of the dungeon, and saw 19 of its levels.
You also visited: Bailey and Ice Cave.

You collected 1298 gold pieces.
You spent 223 gold pieces at shops.

Inventory:

Hand Weapons
 z - the +4 trident of Absolution (weapon) {elec, rElec Dex+4 Stlth+}
   (You bought it in a shop on level 11 of the Dungeon)

   Occasionally, upon striking a foe, it will discharge some electrical energy
   and cause terrible harm.
   It affects your dexterity (+4).
   It insulates you from electricity.
   It makes you more stealthy.
Missiles
 O - 7 javelins of returning (quivered)
Armour
 c - a +0 shield (worn)
 d - a +4 chain mail of fire resistance (worn)
 o - a fire dragon hide
 q - a +0 hat of magic resistance (worn)
 u - a +0 cloak (worn)
 D - a +1 pair of gloves (worn)
Jewellery
 I - an amulet of the gourmand (around neck)
 N - a +5 ring of protection (right hand)
 T - an uncursed ring of poison resistance
 Z - a ring of protection from magic (left hand)
Wands
 a - a wand of iceblast (6/15)
 h - a wand of flame (17/48)
 s - a wand of confusion (23/48)
 y - a wand of paralysis (13/24)
 E - a wand of acid (9/15)
 K - a wand of digging (2/24)
 L - a wand of teleportation (1/9)
 P - a wand of lightning (0/15)
 Q - a wand of polymorph (10/24)
 V - a wand of disintegration (14/24)
Scrolls
 b - a scroll of fear
 e - 4 scrolls of identify
 g - a scroll of acquirement
 l - 3 scrolls of vulnerability
 n - 3 scrolls of enchant armour
 t - 12 scrolls of remove curse
 w - 3 scrolls of recharging
 x - 4 scrolls of teleportation
 A - 2 scrolls of amnesia
 B - 2 scrolls of enchant weapon
 C - a scroll of blinking
 X - 3 scrolls of magic mapping
Potions
 i - a potion of brilliance {unknown}
 j - 8 potions of curing
 m - 2 potions of cure mutation
 v - 3 potions of might
 F - 4 potions of ambrosia
 H - a potion of haste
 R - 3 potions of lignification
 S - a potion of agility
Books
 p - a manual of Shields
 U - a book of Beasts

   Spells                             Type                      Level
   a - Summon Butterflies             Summoning                    1
   b - Call Canine Familiar           Summoning                    3
   c - Summon Ice Beast               Ice/Summoning                4
   d - Summon Mana Viper              Hexes/Summoning              5
   e - Summon Hydra                   Summoning                    7
 Y - a book of Callings

   Spells                             Type                      Level
   a - Summon Small Mammal            Summoning                    1
   b - Call Imp                       Summoning                    2
   c - Call Canine Familiar           Summoning                    3
   d - Summon Guardian Golem          Hexes/Summoning              3
   e - Summon Lightning Spire         Summoning/Air                4
   f - Summon Ice Beast               Ice/Summoning                4
Miscellaneous
 M - a lamp of fire (inert)
Comestibles
 f - 14 bread rations
 k - 10 meat rations
 r - 13 fruits
 G - 4 slices of pizza
 W - 5 chunks of flesh


   Skills:
 + Level 9.0 Fighting
   Level 8.1(10.3) Axes
 * Level 10.2(11.3) Polearms
 + Level 2.0 Throwing
 + Level 8.9 Armour
 + Level 5.7 Dodging
 + Level 11.1 Shields
 + Level 1.9 Unarmed Combat
 * Level 7.7 Spellcasting
 * Level 7.9 Summonings
 + Level 6.9 Invocations
 + Level 4.1 Evocations


You had 28 spell levels left.
You knew the following spells:

 Your Spells              Type           Power        Failure   Level  Hunger
a - Summon Butterflies    Summ           ###.....     6%          1    None


Dungeon Overview and Level Annotations

Branches:
Dungeon (13/15)            Temple (0/1) D:4            Lair (6/6) D:9
 Shoals (0/4) Lair:3        Snake (0/4) Lair:4        Slime (0/5) Lair:5
    Orc (0/2) D:9          Vaults (0/5) D:13

Altars:
Elyvilon
Ru
Trog
Xom
Yredelemnul
The Shining One

Shops:
D:10 [=[*   D:11 ((

Annotations:
D:12 2 runed doors
Lair:4 exclusion: oklob plant


Innate Abilities, Weirdness & Mutations

You have razor-sharp teeth.
You heal very quickly.
When hurt, damage is shared between your health and your magic reserves.
Your bite disrupts and absorbs the magic of your enemies.
Potions and wands cannot restore your health.
You are immune to rotting.
You have large cloven feet.
You have a pair of small horns on your head.
Scrolls take you a little longer to read.
Armour fits poorly on your strangely shaped body.
Your flesh is heat resistant. (rF+)
You are frail. (-10% HP)
You are resistant to hostile enchantments. (MR+)
You passively map a small area around you.
Your muscles are very strong. (Str +4)


Message History

You have turned to stone.
The catoblepas gores you.
* * * LOW HITPOINT WARNING * * *
The catoblepas gores you.
* * * LOW HITPOINT WARNING * * *
The catoblepas gores you but does no damage.
The catoblepas breathes a plume of calcifying dust at you.
The blast of calcifying dust hits you!
* * * LOW HITPOINT WARNING * * *
You are engulfed in calcifying dust.
The catoblepas gores you but does no damage.
You are engulfed in calcifying dust.
The catoblepas gores you!
* * * LOW HITPOINT WARNING * * *
You are engulfed in calcifying dust.
The catoblepas gores you but does no damage.
You are engulfed in calcifying dust.
The catoblepas gores you.
* * * LOW HITPOINT WARNING * * *
You are engulfed in calcifying dust.
The catoblepas barely misses you. The catoblepas gores you!!
You die...

..#..## , , ,
..#.P.# *,, , , *,
####..## , * * #
##..### , , ,, .#
##.†.### ,, ,Y.P
#..††.### ,, ##.P..
##......#######....
##P.÷.....PY♣..#
##P......@♣..#
#######.P†.##
######


You could see a catoblepas.

Vanquished Creatures
  Rupert (D:13)
  Snorg (Lair:3)
  A fire dragon (D:13)
  Josephine (Lair:6)
  2 hydras
  Fannar (Lair:3)
  The ghost of Shenda the Spear-Bearer, a journeyman MiFi of Okawaru (Lair:3)
  Erolcha (D:10)
  A centaur warrior (D:13)
  7 death yaks
  The ghost of Gorice the Jinx, a novice KoEn of Okawaru (D:10)
  2 unseen horrors
  4 hill giants
  Pikel (D:6)
  5 ugly things
  A griffon (Lair:5)
  A cyclops (D:13)
  Joseph (D:8)
  A siren (Lair:3)
  3 ice statues (IceCv)
  28 elephants
  A centaur zombie (D:13)
  A molten gargoyle (Lair:3)
  11 spiny frogs
  2 rime drakes (Lair:5)
  10 komodo dragons
  3 trolls
  2 polar bears (Lair:6)
  A two-headed ogre (D:11)
  Prince Ribbit (Lair:3)
  A merfolk (D:9)
  9 slime creatures
  18 blink frogs
  A shadow (D:11)
  Sigmund (D:2)
  2 wyverns
  7 yaks
  2 vampires
  4 fire bats (Lair:3)
  6 wraiths
  5 hippogriffs
  2 basilisks
  2 hungry ghosts
  Grum (Lair:1)
  Eustachio (D:6)
  A warg (D:9)
  11 water moccasins
  A soldier ant (D:13)
  A naga (Lair:4)
  8 porcupines
  2 hell hounds (D:9)
  18 orc warriors
  10 ice beasts
  4 sky beasts
  An eye of draining (D:11)
  3 black bears
  A slave (D:6)
  2 phantoms
  A wasp (D:8)
  2 ogres
  7 wolves
  13 centaurs
  7 crocodiles
  A big kobold (D:8)
  12 giant frogs
  2 gnoll sergeants (D:6)
  6 scorpions
  33 killer bees
  An electric eel (Lair:2)
  8 wights
  3 howler monkeys
  3 crimson imps
  A lava snake (Lair:3)
  3 jellies (Lair:5)
  A quasit (D:7)
  3 giant frog skeletons
  2 hounds
  7 orc priests
  5 iguanas
  15 orc wizards
  5 hell rats (Lair:4)
  5 worker ants
  A killer bee zombie (D:10)
  18 sheep
  2 hound zombies
  A hound skeleton (D:11)
  A worker ant zombie (D:6)
  8 gnolls
  15 adders
  15 river rats (Lair:3)
  2 shadow imps
  12 white imps (Lair:5)
  An adder zombie (D:5)
  3 adder skeletons
  5 worms
  A dart slug (D:1)
  2 giant geckos
  65 orcs
  A ball python (D:5)
  3 giant cockroaches
  17 goblins
  2 hobgoblins (D:1)
  22 jackals
  13 kobolds
  3 quokkas
  11 bats
  2 giant newts (D:1)
  A jackal skeleton (D:4)
  9 rats
  3 fire vortices (Lair:3)
  A plant (Lair:5)
608 creatures vanquished.

Vanquished Creatures (others)
  A slave (D:6)
  A fungus (Lair:5)
  2 plants
4 creatures vanquished.

Grand Total: 612 creatures vanquished

Notes
Turn   | Place    | Note
-------+----------+-------------------------------------------
     0 | D:1      | JustSomeDude the Vine Stalker Fighter began the quest for the Orb.
     0 | D:1      | Reached XP level 1. HP: 11/11 MP: 2/2
   127 | D:1      | Reached XP level 2. HP: 5/16 MP: 3/3
   660 | D:1      | Reached XP level 3. HP: 11/20 MP: 4/4
   798 | D:2      | Noticed Sigmund
   805 | D:2      | Killed Sigmund
   805 | D:2      | Reached skill level 1 in Dodging
   805 | D:2      | Reached skill level 3 in Shields
   805 | D:2      | Gained mutation: Your natural rate of healing is unusually fast. [Vine Stalker growth]
   805 | D:2      | Reached XP level 4. HP: 8/25 MP: 5/5
   805 | D:2      | Reached XP level 5. HP: 10/29 MP: 6/6
  1013 | D:2      | Reached XP level 6. HP: 33/33 MP: 7/7
  1122 | D:2      | Found a glowing golden altar of the Shining One.
  1127 | D:2      | Became a worshipper of the Shining One
  1623 | D:3      | Found a faded altar of an unknown god.
  2344 | D:4      | Reached XP level 7. HP: 37/37 MP: 8/8
  2387 | D:4      | Reached * piety under the Shining One
  2572 | D:4      | Found a staircase to the Ecumenical Temple.
  2713 | D:4      | Found a sacrificial altar of Ru.
  2845 | D:5      | Entered Level 5 of the Dungeon
  2967 | D:5      | HP: 1/37 [ogre/giant spiked club (6)]
  3041 | D:5      | You fall through a shaft!
  3051 | D:6      | Reached skill level 4 in Shields
  3059 | D:6      | Gained mutation: You have razor-sharp teeth. [Vine Stalker growth]
  3059 | D:6      | Reached XP level 8. HP: 39/42 MP: 9/9
  3064 | D:6      | Noticed Eustachio
  3069 | D:6      | Killed Eustachio
  3137 | D:6      | HP: 2/42 [gnoll/halberd (4)]
  3140 | D:6      | Reached skill level 5 in Armour
  3451 | D:6      | Gained mutation: You passively map a small area around you. [mutagenic meat]
  3454 | D:6      | Gained mutation: Your muscles are strong. (Str +2) [mutagenic meat]
  3457 | D:6      | Gained mutation: You have a somewhat thin skeletal structure. (Dex +2, Stealth) [mutagenic meat]
  3460 | D:6      | Gained mutation: Scrolls take you a little longer to read. [mutagenic meat]
  3463 | D:6      | Gained mutation: You are resistant to hostile enchantments. (MR+) [mutagenic meat]
  3466 | D:6      | Gained mutation: You occasionally shout uncontrollably at your foes. [mutagenic meat]
  3544 | D:6      | Noticed Pikel
  3565 | D:6      | Killed Pikel
  3565 | D:6      | Reached skill level 5 in Fighting
  3565 | D:6      | Reached skill level 5 in Axes
  3565 | D:6      | Reached XP level 9. HP: 43/47 MP: 10/10
  4459 | D:7      | Reached skill level 5 in Shields
  4500 | D:7      | Reached skill level 1 in Invocations
  4530 | D:7      | Reached skill level 1 in Evocations
  4584 | D:7      | Noticed a purple ugly thing
  4584 | D:7      | Reached ** piety under the Shining One
  4814 | D:7      | Killed a purple ugly thing
  4824 | D:7      | Lost mutation: You have a somewhat thin skeletal structure. (Dex +2, Stealth) [mutagenic meat]
  5031 | D:8      | Reached XP level 10. HP: 51/53 MP: 12/12
  5189 | D:8      | Found a white marble altar of Elyvilon.
  5354 | D:8      | Noticed Joseph
  5365 | D:8      | Killed Joseph
  5535 | D:8      | Found a basalt altar of Yredelemnul.
  5746 | D:9      | Found a staircase to the Lair.
  5754 | D:9      | Reached *** piety under the Shining One
  5822 | D:9      | Reached skill level 6 in Shields
  6039 | D:9      | Reached XP level 11. HP: 35/58 MP: 12/15
  6054 | D:9      | Found a staircase to the Orcish Mines.
  6291 | D:9      | Reached skill level 5 in Invocations
  6312 | D:9      | Found a bloodstained altar of Trog.
  6489 | D:10     | Entered Level 10 of the Dungeon
  6489 | D:10     | Found Huetzed's Antique Armour Boutique.
  6552 | D:10     | Noticed Gorice's ghost (novice KoEn)
  6564 | D:10     | Killed Gorice's ghost
  6570 | D:10     | Found Zejaeh's Jewellery Shop.
  6658 | D:10     | Noticed Erolcha
  6666 | D:10     | Killed Erolcha
  6676 | D:10     | Noticed an unseen horror
  6676 | D:10     | Reached **** piety under the Shining One
  6684 | D:10     | Killed an unseen horror
  6730 | D:10     | Found Zajas's Armour Shop.
  6761 | D:10     | Found Iveaff's General Store.
  6774 | D:10     | Bought a potion of curing for 45 gold pieces
  6813 | D:10     | Learned a level 1 spell: Summon Butterflies
  6843 | D:10     | Noticed a hill giant
  6852 | D:10     | Killed a hill giant
  6852 | D:10     | Reached skill level 7 in Shields
  6910 | D:10     | Reached skill level 1 in Spellcasting
  6943 | D:11     | Found Ceodoq's Antique Weapon Shop.
  6951 | D:11     | Bought a scorched trident for 178 gold pieces
  7006 | D:11     | Identified a scroll of acquirement
  7021 | D:11     | Identified the +4 trident of Absolution {elec, rElec Dex+4 Stlth+} (You bought it in a shop on level 11 of the Dungeon)
  7043 | D:11     | Reached skill level 1 in Summonings
  7136 | D:11     | Found Zucuuz's Weapon Emporium.
  7145 | D:11     | Reached skill level 1 in Polearms
  7255 | D:11     | Noticed a cyan ugly thing
  7271 | D:11     | Killed a cyan ugly thing
  7761 | D:12     | Gained mutation: You heal very quickly. [Vine Stalker growth]
  7761 | D:12     | Reached XP level 12. HP: 58/63 MP: 17/17
  7776 | D:12     | Noticed a fire dragon
  7776 | D:12     | Reached ***** piety under the Shining One
  7906 | D:12     | Found a runed door.
  7906 | D:12     | Noticed a fire dragon
  7907 | D:12     | Noticed an ice dragon
  7908 | D:12     | Noticed an ice dragon
  7909 | D:12     | Found a runed door.
  8205 | D:12     | Gained mutation: Your flesh is heat resistant. (rF+) [mutagenic meat]
  8208 | D:12     | Lost mutation: You occasionally shout uncontrollably at your foes. [mutagenic meat]
  8800 | D:13     | Found a flagged portal.
  8809 | Bailey   | Entered a bailey
  9219 | Bailey   | Gained mutation: Your muscles are very strong. (Str +4) [potion of beneficial mutation]
  9221 | Bailey   | Reached skill level 1 in Throwing
  9221 | Bailey   | Reached skill level 5 in Dodging
  9221 | Bailey   | Reached skill level 8 in Shields
  9221 | Bailey   | Reached skill level 1 in Unarmed Combat
  9221 | Bailey   | Reached XP level 13. HP: 68/68 MP: 18/21
  9519 | D:13     | Reached skill level 5 in Polearms
  9519 | D:13     | Reached skill level 5 in Summonings
  9677 | D:13     | Gained mutation: You have a pair of small horns on your head. [mutagenic meat]
  9680 | D:13     | Gained mutation: You are frail. (-10% HP) [mutagenic meat]
  9683 | D:13     | Gained mutation: Armour fits poorly on your strangely shaped body. [mutagenic meat]
  9755 | D:13     | Killed a fire dragon
  9755 | D:13     | Reached skill level 5 in Spellcasting
  9873 | D:13     | Reached skill level 9 in Shields
  9958 | D:13     | Found a gate to the Vaults.
 10138 | D:13     | Noticed Rupert
 10155 | D:13     | Killed Rupert
 10812 | Lair:1   | Entered Level 1 of the Lair of Beasts
 10872 | Lair:1   | Reached XP level 14. HP: 62/65 MP: 23/23
 11032 | Lair:1   | Got a jewelled leather armour
 11043 | Lair:1   | Identified the cursed +0 leather armour of the Voivode {rElec rPois rF- rN+} (You found it on level 1 of the Lair of Beasts)
 11073 | Lair:1   | Noticed Grum
 11081 | Lair:1   | Killed Grum
 12624 | Lair:3   | Reached skill level 10 in Shields
 12635 | Lair:3   | Noticed Shenda's ghost (journeyman MiFi)
 12642 | Lair:3   | Noticed Snorg
 12643 | Lair:3   | Noticed Fannar
 12655 | Lair:3   | Killed Shenda's ghost
 12659 | Lair:3   | Killed Snorg
 12687 | Lair:3   | Killed Fannar
 13134 | Lair:3   | Noticed Prince Ribbit
 13164 | Lair:3   | Killed Prince Ribbit
 13250 | Lair:3   | Found a staircase to the Shoals.
 13906 | Lair:4   | Found a shimmering altar of Xom.
 14046 | Lair:4   | Found a staircase to the Snake Pit.
 14431 | Lair:5   | Reached XP level 15. HP: 69/70 MP: 26/26
 14442 | Lair:5   | Found a staircase to the Slime Pits.
 14584 | Lair:5   | Found a frozen archway.
 14586 | Lair:5   | Reached ****** piety under the Shining One
 14606 | IceCv    | Entered an ice cave
 15456 | IceCv    | Got a pitted great sword
 15478 | IceCv    | Got a dazzling short sword
 15479 | IceCv    | Identified the +4 short sword of Faine {pierce, SInv} (You found it in an ice cave)
 15486 | IceCv    | Identified the +4 great sword of the Realm of Zot {flame, rC- rN+ Str+5} (You found it in an ice cave)
 16106 | Lair:6   | Entered Level 6 of the Lair of Beasts
 16192 | Lair:6   | Noticed Josephine
 16202 | Lair:6   | Killed Josephine
 16445 | Lair:6   | Reached skill level 10 in Polearms
 16471 | Lair:6   | Gained mutation: You have large cloven feet. [potion of mutation]
 16524 | Lair:6   | Reached skill level 11 in Shields
 16603 | Lair:6   | HP: 3/71 [catoblepas (8)]
 16610 | Lair:6   | HP: 1/71 [catoblepas (6)]
 16614 | Lair:6   | Slain by a catoblepas

Vault maps used:
D:1:      minmay_arrival_doors, moated_statue
D:2:      nicolae_tso_swordbearing_angel, serial_glass, glass_columns_b,
          glass_columns_b, glass_columns_a, glass_columns_c, glass_columns_c,
          minmay_tetromino_t4, uniq_sigmund
D:3:      ecumenical_altar_2
D:4:      nicolae_overflow_hidden_temple, first_bread, serial_bayou_crossing
D:6:      sword_in_stone, uniq_pikel
D:8:      kennysheep_ying_yang, uniq_joseph
D:9:      minmay_lair_entry_lava, david_orc_3, hangedman_fish_farm,
          grunt_ministairs_14, trog_ov_bears_minmay
D:10:     serial_shops, nicolae_shop_competitors_out_of_business, shop,
          nicolae_shop_temple_entry_statues_fountains, shop_fountains,
          uniq_erolcha
D:11:     serial_shops, nicolae_shop_trees, shop, fountainhead,
          patterned_corridor
D:12:     minmay_guarded_unrand_resistance
D:13:     david_vaults_1, enter_bailey_3, uniq_rupert
Lair:1:   uniq_grum
Lair:2:   grunt_forest_small_clearing_treed, lemuel_fruit_fields,
          infiniplex_staircase_pool
Lair:3:   minmay_shoals_entry_lonely_mermaid, serial_bayou_shore_b,
          uniq_prince_ribbit2, uniq_fannar, uniq_snorg
Lair:4:   guppyfry_snake_entry_garden, lemuel_oklob_altar
Lair:5:   minmay_slime_entry_pillars, portal_ice_cave_entry_imps, st_stairs_4
Lair:6:   grunt_lair_end_beastmaster, serial_bayou_shore_a,
          serial_bayou_shore_b, uniq_josephine
Bailey:   bailey_polearm_flooded_kennysheep, bailey
IceCv:    ice_cave_statue_garden_chambered

Skill      XL: |  1  2  3  4  5  6  7  8  9 10 11 12 13 14 15 |
---------------+----------------------------------------------+-----
Fighting       | 3 4 5 6 7 8 9 |  9.0
Axes           | 2 3 4 5 6 7 8 |  8.1
Armour         | 3 4 5 6 7 8 |  8.9
Dodging        | 1 2 3 4 5 |  5.7
Shields        | 3 4 5 6 7 8 9 10 11 | 11.1
Invocations    | 2 4 6 |  6.9
Evocations     | 2 3 4 |  4.1
Spellcasting   | 2 4 5 7 |  7.7
Summonings     | 2 4 5 7 |  7.9
Polearms       | 1 4 6 9 10 | 10.2
Throwing       | 1 2 |  2.0
Unarmed Combat | 1 |  1.9

Action                   |  1- 3 |  4- 6 |  7- 9 | 10-12 | 13-15 || total
-------------------------+-------+-------+-------+-------+-------++-------
Melee: War axe           |    77 |   143 |   176 |       |       ||   396
       Bite              |    13 |    33 |    72 |   161 |   394 ||   673
       Hand axe          |       |       |    43 |   261 |       ||   304
       Trident           |       |       |       |   278 |   856 ||  1134
       Headbutt          |       |       |       |       |   253 ||   253
       Kick              |       |       |       |       |    39 ||    39
Throw: Tomahawk          |       |       |       |     1 |       ||     1
       Javelin           |       |       |       |       |    21 ||    21
 Cast: Summon Butterflie |       |       |       |       |    31 ||    31
Invok: Divine Shield     |       |       |       |       |     5 ||     5
Evoke: Wand              |       |       |     1 |     4 |    27 ||    32
       Lamp of fire      |       |       |       |       |     1 ||     1
  Use: Scroll            |       |     3 |     4 |    12 |    10 ||    29
       Potion            |       |       |     3 |     8 |     5 ||    16
  Eat: Chunk             |       |     5 |    15 |    42 |    27 ||    89
       Fruit             |       |       |     1 |     1 |       ||     2
       Beef jerky        |       |       |     1 |       |     2 ||     3
       Pizza             |       |       |       |       |     1 ||     1
Armor: Scale mail        |    43 |    68 |    43 |       |       ||   154
       Chain mail        |       |       |    35 |   211 |   186 ||   432
Dodge: Dodged            |    29 |    54 |    75 |   191 |   194 ||   543
Block: Shield            |    52 |    70 |   126 |   368 |   381 ||   997
